 Dungeon Crawl Stone Soup version 0.21-a0-110-g8e1637b (webtiles) character file.

555 Alarkh the Chopper (level 7, 0/52 HPs)
             Began as a Demonspawn Monk on July 8, 2017.
             Succumbed to a crimson imp's poison
             ... on level 5 of the Dungeon.
             The game lasted 00:04:54 (3919 turns).

Alarkh the Chopper (Demonspawn Monk)                Turns: 3919, Time: 00:04:54

Health: 0/52       AC:  9    Str: 12    XL:     7   Next: 8%
Magic:  1/7        EV: 11    Int: 13    God:
Gold:   79         SH:  0    Dex: 15    Spells: 6/6 levels left

rFire    . . .     SeeInvis .   a - +0 war axe
rCold    . . .     Gourm    .   (no shield)
rNeg     . . .     Faith    +   j - +0 ring mail
rPois    .         Spirit   +   l - +0 helmet
rElec    .         Reflect  .   n - scarf {Spirit}
rCorr    .         Harm     .   (no gloves)
MR       .....                  m - +0 pair of boots
Stlth    ++........             g - amulet of faith
HPRegen  0.17/turn              (no ring)
MPRegen  0.10/turn              (no ring)

@: lethally poisoned (0 -> -2), flying
A: claws 2, icy blue scales 1, nightstalker 1, powered by death 1
a: no special abilities


You were on level 5 of the Dungeon.
You were not hungry.

You visited 1 branch of the dungeon, and saw 5 of its levels.

You collected 79 gold pieces.

Inventory:

Hand Weapons
 a - a +0 war axe (weapon)
 r - a +0 hand axe
Armour
 b - a +0 robe
 j - a +0 ring mail (worn)
 l - a +0 helmet (worn)
 m - a +0 pair of boots (worn)
 n - a scarf of spirit shield (worn)
 t - +0 storm dragon scales
Jewellery
 g - an amulet of faith (around neck)
Scrolls
 e - a scroll of identify
 f - a scroll of blinking
 h - a scroll of remove curse
 i - 2 scrolls of teleportation
 q - a scroll of noise {unknown}
Comestibles
 c - 3 bread rations
 d - a fruit
 k - 4 chunks of flesh
 p - 2 meat rations
 s - a royal jelly


   Skills:
 - Level 3.0 Fighting
 + Level 7.4 Axes
 - Level 2.6 Dodging
 - Level 1.7 Stealth


You had 6 spell levels left.
You didn't know any spells.

Dungeon Overview and Level Annotations

Branches:
Dungeon (5/15)
 Temple: D:4-7

Altars:
Kikubaaqudgha

Annotations:
D:3 Natasha, Sigmund
D:4 exclusions: orc priest and orc wizard, Pikel


Innate Abilities, Weirdness & Mutations

You have very sharp fingernails.
You are partially covered in icy blue scales. (AC +2)
You are slightly more attuned to the shadows.
You regenerate a little health from kills.


Message History

You feel sick.
The crimson imp hits you but does no damage.
The crimson imp blinks!
You hit the orc but do no damage. You barely miss the crimson imp.
The orc barely misses you.
The crimson imp hits you but does no damage.
You hit the orc but do no damage. You barely miss the crimson imp.
You closely miss the crimson imp.
* * * LOW HITPOINT WARNING * * *
You feel sick. The orc misses you.
The crimson imp hits you but does no damage.
The crimson imp hits you.
* * * LOW HITPOINT WARNING * * *
You closely miss the orc. You closely miss the crimson imp.
Your ring mail prevents you from hitting the crimson imp.
The orc hits you but does no damage.
The crimson imp hits you but does no damage.
The crimson imp misses you.
You closely miss the orc. You hit the crimson imp. x2
You die...

........ .......
.......# #.. .######
.......## #.. ## #
...$....## .. .#
#######..## #.#.#
##..####...###
##....##5...# #
####.##o# .## #
#..#@# ..# ## ##.55#
#.# ##. ##..###.#
######.(
##.....#####......#
#.###.............
##.......)..#######
#.....).##)########
###...###.##....#...#
###.....#
#..####)....#


You could see 3 crimson imps and an orc.

Vanquished Creatures
  2 centaurs
  A scorpion (D:4)
  A howler monkey (D:5)
  2 orc priests (D:5)
  3 orc wizards
  A worker ant (D:5)
  Robin (D:2)
  3 adders
  A worm (D:2)
  3 dart slugs
  2 leopard geckos
  16 orcs
  11 bats
  8 giant cockroaches
  10 goblins
  12 hobgoblins
  4 jackals (D:4)
  2 kobolds
  2 quokkas
  5 frilled lizards
  5 rats
95 creatures vanquished.

Notes
Turn   | Place    | Note
-------+----------+-------------------------------------------
     0 | D:1      | Alarkh the Demonspawn Monk began the quest for the Orb.
     0 | D:1      | Reached XP level 1. HP: 18/18 MP: 1/1
   217 | D:1      | Reached skill level 3 in Axes
   253 | D:1      | Gained mutation: You are slightly more attuned to the shadows. [demonic ancestry]
   253 | D:1      | Reached XP level 2. HP: 11/24 MP: 2/2
  1089 | D:2      | Found an ancient bone altar of Kikubaaqudgha.
  1139 | D:2      | Gained mutation: You have sharp fingernails. [demonic ancestry]
  1139 | D:2      | Reached XP level 3. HP: 15/29 MP: 3/3
  1331 | D:2      | Reached skill level 4 in Axes
  1552 | D:2      | Noticed Robin
  1572 | D:2      | Killed Robin
  1619 | D:2      | Gained mutation: You are partially covered in icy blue scales. (AC +2) [demonic ancestry]
  1619 | D:2      | Reached XP level 4. HP: 30/35 MP: 4/4
  2367 | D:3      | Noticed a centaur
  2394 | D:3      | Killed a centaur
  2394 | D:3      | Reached skill level 5 in Axes
  2394 | D:3      | Gained mutation: You regenerate a little health from kills. [demonic ancestry]
  2394 | D:3      | Reached XP level 5. HP: 27/41 MP: 1/5
  2524 | D:3      | Noticed Sigmund
  2525 | D:3      | Noticed Natasha
  2940 | D:4      | Reached skill level 6 in Axes
  3241 | D:4      | Reached XP level 6. HP: 40/47 MP: 4/6
  3418 | D:4      | Noticed Pikel
  3418 | D:4      | Noticed a slave
  3418 | D:4      | Noticed a slave
  3469 | D:5      | Entered Level 5 of the Dungeon
  3724 | D:5      | Reached skill level 7 in Axes
  3898 | D:5      | Gained mutation: You have very sharp fingernails. [demonic ancestry]
  3898 | D:5      | Reached XP level 7. HP: 22/52 MP: 3/7
  3915 | D:5      | HP: 2/52 [poisoned by a crimson imp]
  3919 | D:5      | Succumbed to a crimson imp's poison

Vault maps used:
D:1:      dpeg_arrival_shrine
D:2:      lemuel_crystal_altar, minmay_close_crescents, uniq_robin
D:3:      nicolae_ru_great_annihilating_truth, overflow_temple_1_default,
          gammafunk_temple_overflow_arena, uniq_sigmund, uniq_terence,
          uniq_natasha, uniq_grinder
D:4:      cheibrodos_ashenzari_chains, uniq_pikel
D:5:      first_bread, led_xom_imps

Skill      XL: |  1  2  3  4  5  6 |
---------------+-------------------+-----
Axes           | 3 4 5 6 7 |  7.4
Fighting       | |  3.0
Dodging        | |  2.6
Stealth        | |  1.7

Action                   |  1- 3 |  4- 6 |  7- 9 || total
-------------------------+-------+-------+-------++-------
Melee: Hand axe          |    94 |   168 |       ||   262
       War axe           |       |    58 |    18 ||    76
  Use: Potion            |     3 |     2 |     1 ||     6
       Scroll            |       |     4 |       ||     4
 Stab: Sleeping          |     7 |     9 |       ||    16
  Eat: Chunk             |     2 |     8 |       ||    10
Armor: Robe              |    13 |    41 |       ||    54
       Ring mail         |       |    24 |    11 ||    35
Dodge: Dodged            |    73 |   154 |     7 ||   234
